AoeStats
← TheRemover

Arena

510738514Analyzed
1v1 RM · 14h ago on Oct 2, 2026· 34m 36s· 2 players
Game mode
Random Map
Map size
Tiny (2 player)
Population
200
Speed
Normal
Resources
Standard
Victory
Conquest
Starting age
Dark Age
Ending age
Imperial Age
RankedLock teamsTeams togetherTeam positionsShared explorationLock speedFull tech treeHidden civsTurbo modeCheats
Victory
Defeat
🇦🇷 Turks · Argentina
1112
+15
🇨🇱 Celts · Chile
1085
-15
TheRemover
9:36 Loom
11:46 Feudal Age
15:32 Castle Age
14:22 Double-Bit Axe
17:06 Wheelbarrow
18:27 Horse Collar
21:29 Gold Mining
28:08 Scale Mail Armor
31:53 Hand Cart
33:52 Chain Mail Armor
33:51 Forging
Darth Vader
12:03 Feudal Age
16:31 Castle Age
15:15 Stone Mining
15:13 Double-Bit Axe
18:59 Gold Mining
25:28 Town Watch
26:19 Wheelbarrow
25:29 Loom
26:26 Gold Shaft Mining
31:18 Imperial Age
32:05 Bow Saw
32:25 Horse Collar
Connection lost

Rejoining the realm…

Still unreachable

The connection could not be restored.

Session expired

The server has moved on; the page needs a fresh start.